 Dungeon Crawl Stone Soup version 0.22-a0-757-gdba82d8 (webtiles) character file.

1904 jerryfan the Covert (level 9, -27/58 HPs)
             Began as a Halfling Assassin on July 16, 2018.
             Killed from afar by a two-headed ogre (55 damage)
             ... with an exploding inner flame
             ... hexed by the player character
             ... on level 7 of the Dungeon.
             The game lasted 00:33:39 (6821 turns).

jerryfan the Covert (Halfling Assassin)             Turns: 6821, Time: 00:33:40

Health: -27/58     AC:  8    Str: 12    XL:     9   Next: 38%
Magic:  12/12      EV: 21    Int:  9    God:
Gold:   339        SH:  0    Dex: 19    Spells: 8/8 levels left

rFire    . . .     SeeInvis .   a - +2 dagger
rCold    . . .     Gourm    .   (shield restricted)
rNeg     . . .     Faith    .   c - +0 robe
rPois    .         Spirit   .   w - +0 helmet
rElec    .         Reflect  .   l - +1 cloak
rCorr    .         Harm     .   d - +2 pair of gloves
MR       .....                  (no boots)
Stlth    +++++.....             (no amulet)
HPRegen  0.19/turn              r - ring of stealth
MPRegen  0.13/turn              E - +3 ring of evasion

@: no status effects
A: small, mutation resistance 1
a: no special abilities


You were on level 7 of the Dungeon.
You were not hungry.

You visited 1 branch of the dungeon, and saw 7 of its levels.

You collected 351 gold pieces.
You spent 12 gold pieces at shops.

Inventory:

Hand Weapons
 a - a +2 dagger (weapon)
 b - a +2 blowgun
 h - a +0 dagger of venom
 o - a +0 rapier
 t - a +0 dagger of speed
 B - a +0 hunting sling
Missiles
 e - 23 poisoned needles
 i - 157 stones (quivered)
 p - 20 sling bullets
 y - a curare-tipped needle
Armour
 c - a +0 robe (worn)
 d - a +2 pair of gloves (worn)
 l - a +1 cloak (worn)
 w - a +0 helmet (worn)
Jewellery
 q - an uncursed ring of teleportation
 r - a ring of stealth (left hand)
 C - a -3 ring of evasion
 E - a +3 ring of evasion (right hand)
Wands
 u - a wand of digging (15)
 x - a wand of paralysis (5)
Scrolls
 j - a scroll of identify
 n - 2 scrolls of amnesia
 v - a scroll of enchant weapon
 z - 2 scrolls of enchant armour
Potions
 f - a potion of ambrosia
 m - a potion of curing
 s - a potion of haste
 A - a potion of flight
Comestibles
 g - 3 rations
 D - a chunk of flesh


   Skills:
 + Level 4.1 Fighting
 * Level 5.4 Short Blades
 + Level 4.5 Throwing
 + Level 4.5 Dodging
 * Level 8.5 Stealth
 + Level 5.0 Evocations


You had 8 spell levels left.
You didn't know any spells.
Your spell library was empty.

Dungeon Overview and Level Annotations

Branches:
Dungeon (7/15)             Temple (0/1) D:7

Altars:
Ashenzari
Fedhas
Gozag
Zin

Shops:
D:6 !

Annotations:
D:3 exclusion: downstairs
D:4 Pikel
D:7 1 exclusion


Innate Abilities, Weirdness & Mutations

You are small and have problems with some larger weapons.
You are somewhat resistant to further mutation.


Message History

The two-headed ogre closely misses you.
Evoke which item? (* to show all) (? for menu, Esc to quit)
Aiming: Paralyse
Press: ? - help, Shift-Dir - straight line, f/p - two-headed ogre
Aim: a two-headed ogre, wielding a giant spiked club and a dire flail (inner flame, chance to defeat MR: 43%)
The two-headed ogre resists with some effort.
The howler monkey misses you. The two-headed ogre barely misses you.
The two-headed ogre closely misses you.
Evoke which item? (* to show all) (? for menu, Esc to quit)
Aiming: Paralyse
Press: ? - help, Shift-Dir - straight line, f/p - two-headed ogre
Aim: a two-headed ogre, wielding a giant spiked club and a dire flail (inner flame, chance to defeat MR: 43%)
The two-headed ogre suddenly stops moving!
The howler monkey misses you. x2
The helpless two-headed ogre fails to defend itself.
You skewer the two-headed ogre like a kebab!!!
The two-headed ogre explodes!
The fiery explosion engulfs you!
Ouch! That really hurt!
You die...

#...##.##..#888##
.>.........#8...8#
..###........>.8# #.#
###.##.8...8####### #..
#.h##.#888#....... #..
##..###............
#..##...###.#..........
#.....#.##ยงยง#..........
##.#..#h##@##..........
#.....)##h############
##..#...#.####
#.....)......#
#.##.........#
#.###........#
#####.###........#
#......##........#
#......##........#


You could see a howler monkey (inner flame).

Vanquished Creatures
  Sigmund (D:2)
  2 ice beasts
  A sky beast (D:6)
  A phantom (D:7)
  3 ogres
  2 centaurs
  2 bullfrogs
  A scorpion (D:6)
  3 howler monkeys
  A crimson imp (D:5)
  A centaur zombie (D:6)
  2 orc wizards
  3 hounds
  Crazy Yiuf (D:2)
  9 worker ants
  A killer bee zombie (D:6)
  A hound skeleton (D:4)
  2 worker ant zombies
  6 adders
  5 shadow imps
  An ooze (D:2)
  An adder skeleton (D:6)
  2 worms
  3 dart slugs (D:1)
  2 leopard geckos (D:2)
  6 orcs
  7 bats
  4 giant cockroaches
  5 goblins
  4 hobgoblins
  2 jackals (D:1)
  A ball python (D:1)
  3 frilled lizards
  6 kobolds
  A leopard gecko skeleton (D:5)
  7 rats
103 creatures vanquished.

Vanquished Creatures (others)
  An orc wizard (D:4)
1 creature vanquished.

Grand Total: 104 creatures vanquished

Notes
Turn   | Place    | Note
-------+----------+-------------------------------------------
     0 | D:1      | jerryfan the Halfling Assassin began the quest for the Orb.
     0 | D:1      | Reached XP level 1. HP: 14/14 MP: 1/1
   303 | D:1      | Reached XP level 2. HP: 19/19 MP: 2/2
   716 | D:1      | Reached XP level 3. HP: 18/24 MP: 3/3
  1083 | D:2      | Found an opulent altar of Gozag.
  1232 | D:2      | Noticed Sigmund
  1313 | D:2      | Found a runed door.
  1624 | D:2      | Reached skill level 5 in Stealth
  2056 | D:2      | Killed Sigmund
  2056 | D:2      | Reached XP level 4. HP: 18/30 MP: 4/4
  2056 | D:2      | Reached XP level 5. HP: 21/35 MP: 5/5
  2056 | D:2      | Reached XP level 6. HP: 25/41 MP: 6/6
  2257 | D:2      | Noticed Crazy Yiuf
  2268 | D:2      | Killed Crazy Yiuf
  2431 | D:3      | Reached skill level 6 in Stealth
  3112 | D:4      | Reached XP level 7. HP: 46/46 MP: 7/7
  3479 | D:4      | Noticed Pikel
  3702 | D:5      | Entered Level 5 of the Dungeon
  3886 | D:5      | Reached skill level 7 in Stealth
  3921 | D:5      | Found a glowing silver altar of Zin.
  3974 | D:5      | Reached XP level 8. HP: 52/52 MP: 8/8
  4687 | D:6      | Found Isatz's Distillery.
  4695 | D:6      | Bought a potion of degeneration for 12 gold pieces
  4976 | D:6      | Reached skill level 5 in Short Blades
  5001 | D:6      | Found a blossoming altar of Fedhas.
  5093 | D:6      | HP: 2/81 [centaur (6)]
  5095 | D:6      | Reached skill level 8 in Stealth
  5459 | D:6      | Found a shattered altar of Ashenzari.
  5752 | D:6      | Reached XP level 9. HP: 43/58 MP: 9/9
  5797 | D:6      | Reached skill level 1 in Evocations
  6523 | D:7      | Found a staircase to the Ecumenical Temple.
  6628 | D:7      | Noticed a two-headed ogre
  6811 | D:7      | Reached skill level 5 in Evocations
  6821 | D:7      | Killed a two-headed ogre
  6821 | D:7      | Killed from afar by a two-headed ogre

Vault maps used:
D:1:      lemuel_arrival_behind_the_door_small
D:2:      first_ration, nicolae_gozag_seed_capital, uniq_crazy_yiuf_cottage,
          uniq_sigmund
D:4:      st_stairs_14, minmay_misc_feat_enclosed, uniq_pikel, uniq_duvessa,
          uniq_edmund
D:5:      zin_statuary
D:6:      old_standard_altar, serial_shops, shop, basic_altar,
          hangedman_minor_gate_pass
D:7:      minmay_temple_entry_statues

Skill      XL: |  1  2  3  4  5  6  7  8  9 |
---------------+----------------------------+-----
Fighting       | 2 3 4 |  4.1
Stealth        | 5 6 7 8 |  8.5
Short Blades   | 3 4 5 |  5.4
Dodging        | 2 3 4 |  4.5
Throwing       | 3 4 |  4.5
Evocations     | 5 |  5.0

Action                   |  1- 3 |  4- 6 |  7- 9 || total
-------------------------+-------+-------+-------++-------
Melee: Dagger            |    88 |    47 |   486 ||   621
       Blowgun           |       |       |     1 ||     1
 Fire: Blowgun           |    14 |     1 |    20 ||    35
Throw: Stone             |     3 |       |    43 ||    46
Evoke: Wand              |       |       |     6 ||     6
  Use: Scroll            |     4 |     1 |     6 ||    11
       Potion            |       |       |    13 ||    13
 Stab: Sleeping          |     7 |    11 |     6 ||    24
       Distracted        |       |     1 |       ||     1
       Paralysed         |       |       |     3 ||     3
  Eat: Chunk             |     2 |     1 |     9 ||    12
       Ration            |     1 |       |     1 ||     2
Armor: Robe              |    14 |     7 |    93 ||   114
       Skin              |       |       |    30 ||    30
Dodge: Dodged            |    53 |    16 |   315 ||   384

Table legend:
 A = Spawn XP
 B = Non-spawn XP
 C = Spawn XP percentage of total XP
 D = Spawn monster count
 E = Non-spawn monster count
 F = Spawn count percentage of total count
 G = Total turns spent on level
                    A         B        C        D         E        F      G
               +---------+---------+-------+---------+---------+-------+---------
         Total |       0 |    2721 |   0.0 |       0 |     104 |   0.0 |  6821
               +---------+---------+-------+---------+---------+-------+---------
           D:1 |       0 |      34 |   0.0 |       0 |      18 |   0.0 |  1061
           D:2 |       0 |     293 |   0.0 |       0 |      14 |   0.0 |  1303
           D:3 |       0 |     173 |   0.0 |       0 |      20 |   0.0 |   770
           D:4 |       0 |     238 |   0.0 |       0 |      11 |   0.0 |   568
           D:5 |       0 |     422 |   0.0 |       0 |      10 |   0.0 |   963
           D:6 |       0 |    1084 |   0.0 |       0 |      23 |   0.0 |  1603
           D:7 |       0 |     477 |   0.0 |       0 |       8 |   0.0 |   553
               +---------+---------+-------+---------+---------+-------+---------
